 Dungeon Crawl Stone Soup version 0.17-a0-1636-g3119f2b (webtiles) character file.

60 PoeticJustice the Skirmisher (level 4, 0/40 HPs)
             Began as a Hill Orc Fighter on Aug 6, 2015.
             Succumbed to a kobold's poison
             ... on level 3 of the Dungeon.
             The game lasted 00:07:54 (1517 turns).

PoeticJustice the Skirmisher (Hill Orc Fighter)     Turns: 1517, Time: 00:07:54

Health: 0/40       AC:  6    Str: 19    XL:     4   Next: 6%
Magic:  4/4        EV:  5    Int:  8    God:
Gold:   90         SH: 10    Dex: 10    Spells: 0 memorised, 3 levels left

rFire  . . .     SeeInvis .     a - +0 war axe
rCold  . . .     Clarity  +     j - -2 chain mail (curse)
rNeg   . . .     SustAt   .     c - +1 shield
rPois  .         Gourm    .     (no helmet)
rElec  .         Spirit   .     o - +2 cloak
rCorr  .         Warding  .     (no gloves)
rMut   .         Stasis   .     (no boots)
MR     .....                    (no amulet)
Stlth  ..........               (no ring)
                                (no ring)

@: lethally poisoned (0 -> -14), very slightly contaminated, hasted, very quick,
not resistant to hostile enchantments, extremely unstealthy
A: clarity, deformed body, deterioration 1
a: no special abilities


You were on level 3 of the Dungeon.
You were not hungry.

You visited 1 branch of the dungeon, and saw 3 of its levels.

You collected 90 gold pieces.

Inventory:

Hand weapons
 a - a +0 war axe (weapon)
Armour
 b - a +0 scale mail
 c - a +1 shield (worn)
 j - a cursed -2 chain mail (worn)
 o - a +2 cloak (worn)
Magical devices
 m - a wand of slowing (35)
Scrolls
 k - 2 scrolls of amnesia
 q - a scroll of teleportation
 t - a scroll of random uselessness
Potions
 d - a potion of might
 g - a potion of lignification
 l - a potion of magic
 n - a potion of ambrosia {unknown}
 p - a potion of degeneration {unknown}
Comestibles
 e - 2 bread rations
 i - 2 meat rations


   Skills:
 - Level 4.0 Fighting
 - Level 4.0 Axes
 + Level 3.8 Armour
 + Level 3.8 Shields


You had 3 spell levels left.
You didn't know any spells.

Dungeon Overview and Level Annotations

Branches:
Dungeon (3/15)

Altars:
Dithmenos
Fedhas
Yredelemnul
Zin

Shops:
D:2 *


Innate Abilities, Weirdness & Mutations

You possess an exceptional clarity of mind.
Armour fits poorly on your strangely shaped body.
Your body sometimes deteriorates upon taking damage.


Message History

* * * LOW HITPOINT WARNING * * *
You feel sick.
There is a lethal amount of poison in your body!
There is a lethal amount of poison in your body!
* * * LOW HITPOINT WARNING * * *
You feel sick.
* * * LOW HITPOINT WARNING * * *
You feel sick.
* * * LOW HITPOINT WARNING * * *
You feel sick.
Drink which item? (? for menu, Esc to quit)
It was a potion of haste.
You feel yourself speed up.
* * * LOW HITPOINT WARNING * * *
You feel sick.
You are very lightly contaminated with residual magic.
Drink which item? (? for menu, Esc to quit)
It was a potion of mutation.
You feel extremely strange.
Your thoughts seem clearer.
You feel yourself wasting away.
Your body twists and deforms.
You die...

#.####.......#.#.#.#.#.#.#
#..........#.............#
######.###..#.#.#.#.#.#.#.#
#.# #................#
######.###.#.#.#.#.#.#.#.#.
.........(....[.............
#######.##(#.#.#.#.#.# #.#.#
#....(....... ..
###.#@#.#.#.# #.()†......
#.#.#.#.#.#? ##.. .. ....
#.# #.# #.# ## .. . #.# ..


There were no monsters in sight!

Vanquished Creatures
  2 adders
  2 worms (D:2)
  2 bats
  3 giant cockroaches (D:1)
  3 goblins
  6 hobgoblins
  A ball python (D:1)
  2 giant newts
  2 jackals (D:1)
  7 kobolds
  7 rats
37 creatures vanquished.

Notes
Turn   | Place    | Note
--------------------------------------------------------------
     0 | D:1      | PoeticJustice the Hill Orc Fighter began the quest for the Orb.
     0 | D:1      | Reached XP level 1. HP: 19/19 MP: 1/1
    80 | D:1      | Reached XP level 2. HP: 20/27 MP: 2/2
   336 | D:1      | Reached skill level 4 in Fighting
   752 | D:2      | Reached XP level 3. HP: 33/33 MP: 3/3
   876 | D:2      | Found Zin's Purification Station.
   879 | D:2      | Found a glowing silver altar of Zin.
  1043 | D:2      | Found a shadowy altar of Dithmenos.
  1082 | D:2      | Found a basalt altar of Yredelemnul.
  1297 | D:2      | Found a blossoming altar of Fedhas.
  1509 | D:3      | Reached XP level 4. HP: 16/40 MP: 4/4
  1515 | D:3      | HP: 2/40 [poisoned by a kobold]
  1517 | D:3      | Gained mutation: You possess an exceptional clarity of mind. [potion of mutation]
  1517 | D:3      | Gained mutation: Your body sometimes deteriorates upon taking damage. [potion of mutation]
  1517 | D:3      | Gained mutation: Armour fits poorly on your strangely shaped body. [potion of mutation]
  1517 | D:3      | Succumbed to a kobold's poison

Vault maps used:
D:1:      minmay_arrival_checkered_box, hex_tiny, minmay_misc_feat_five,
          kennysheep_another_room
D:2:      lemuel_round_altar, grunt_dithmenos_smoke, zin_purify, first_bread,
          lemuel_statue_altar
D:3:      overflow_temple_1_default, hex_large, nicolae_tso_swordbearing_angel

Action                   |  1- 3 |  4- 6 || total
-------------------------+-------+-------++-------
Melee: War axe           |   114 |     1 ||   115
  Use: Scroll            |     7 |     1 ||     8
       Potion            |       |     3 ||     3
  Eat: Royal jelly       |     1 |       ||     1
